 Dungeon Crawl Stone Soup version 0.20.1-1-g8b1a95d (webtiles) character file.

53 Reeggar the Grasshopper (level 3, -6/28 HPs)
             Began as a Demonspawn Warper on Sept 26, 2017.
             Mangled by a worm (10 damage)
             ... on level 2 of the Dungeon.
             The game lasted 00:13:49 (1932 turns).

Reeggar the Grasshopper (Demonspawn Warper)         Turns: 1932, Time: 00:13:49

Health: -6/28      AC:  4    Str: 11 (12) XL:     3   Next: 64%
Magic:  6/6        EV:  5    Int: 12      God:
Gold:   87         SH:  0    Dex: 12      Spells: 2/6 levels left

rFire    . . .     SeeInvis .   a - +0 hand axe
rCold    . . .     Gourm    .   (no shield)
rNeg     . . .     Faith    .   r - +0 chain mail
rPois    .         Spirit   .   (no helmet)
rElec    +         Reflect  .   (no cloak)
rCorr    .         Harm     .   (no gloves)
MR       .....                  (no boots)
Stlth    ..........             (no amulet)
Regen    0.1/turn               (no ring)
MPRegen  0.1/turn               (no ring)

@: no status effects
A: deformed body, deterioration 1, dopey 1, powered by death 1, electricity
resistance
a: no special abilities


You were on level 2 of the Dungeon.
You were not hungry.

You visited 1 branch of the dungeon, and saw 2 of its levels.

You collected 87 gold pieces.

Inventory:

Hand Weapons
 a - a +0 hand axe (weapon)
Missiles
 e - 5 tomahawks of dispersal (quivered)
 l - 5 tomahawks of returning
Armour
 g - a +0 pair of gloves
 r - a +0 chain mail (worn)
Scrolls
 d - a scroll of blinking
 k - a scroll of enchant armour {unknown}
 n - a scroll of fog {unknown}
 p - a scroll of enchant weapon {unknown}
Potions
 b - 2 potions of curing {unknown}
 i - 2 potions of heal wounds
 o - a potion of invisibility
Books
 c - a book of Spatial Translocations

   Spells                             Type                      Level
   a - Blink                          Translocation                2
   b - Shroud of Golubria             Charms/Translocation         2
   c - Lesser Beckoning               Translocation                3
   d - Gell's Gravitas                Translocation                3
   e - Teleport Other                 Translocation                3
   f - Passage of Golubria            Translocation                4
Comestibles
 j - 2 royal jellies
 q - a bread ration


   Skills:
 + Level 2.4 Fighting
 + Level 2.6 Axes
 + Level 0.8 Throwing
 + Level 1.5 Armour
 + Level 2.1 Dodging
 + Level 2.1 Spellcasting
 + Level 2.6 Translocations


You had 2 spell levels left.
You knew the following spells:

 Your Spells              Type           Power        Failure   Level  Hunger
a - Blink                 Tloc           N/A          100%        2    ###....
b - Shroud of Golubria    Chrm/Tloc      #.........   100%        2    ###....


Dungeon Overview and Level Annotations

Branches:
Dungeon (2/15)

Altars:


Innate Abilities, Weirdness & Mutations

You regenerate a little health from kills.
Armour fits poorly on your strangely shaped body.
Your body sometimes deteriorates upon taking damage.
You are dopey. (Int -2)
You are resistant to electric shocks. (rElec)


Message History

You hit the worm.
The worm is severely wounded.
You hit the worm.
The worm is severely wounded.
The worm bites you!
Your body deteriorates!
You feel weakened.
You hit the worm but do no damage.
The worm is severely wounded.
The worm bites you.
* * * LOW HITPOINT WARNING * * *
You hit the worm.
The worm is severely wounded.
The worm bites you.
* * * LOW HITPOINT WARNING * * *
You hit the worm.
The worm is almost dead.
You hit the worm.
The worm is almost dead.
The worm bites you!
You die...

..(.....##..
...#.#<....# .#
#....#..#### .#
#....#.## .# #$
.......# .# ..
#.######
###+####.##.## ..#
#............. ###
#......w..#
#......@..#
#.........#
###'#####.....
######.# #+##.#
#....#.####...# # ###
######....#........+
#..
#.........#........#
#..
##...##....#......###
#..
.....##...[.<.....#
#..


You could see a worm.

Vanquished Creatures
  An adder (D:2)
  A worm (D:2)
  A leopard gecko (D:1)
  5 giant cockroaches
  5 goblins
  3 hobgoblins (D:1)
  4 jackals (D:2)
  A quokka (D:2)
  A ball python (D:2)
  7 bats
  3 frilled lizards
  3 kobolds
  5 rats
40 creatures vanquished.

Notes
Turn   | Place    | Note
-------+----------+-------------------------------------------
     0 | D:1      | Reeggar the Demonspawn Warper began the quest for the Orb.
     0 | D:1      | Reached XP level 1. HP: 16/16 MP: 3/3
   154 | D:1      | Reached skill level 1 in Armour
   156 | D:1      | Gained mutation: You regenerate a little health from kills. [demonic ancestry]
   156 | D:1      | Reached XP level 2. HP: 22/22 MP: 5/5
   501 | D:1      | You fall through a shaft!
  1294 | D:2      | Reached XP level 3. HP: 22/28 MP: 6/6
  1343 | D:2      | Learned a level 2 spell: Blink
  1346 | D:2      | Learned a level 2 spell: Shroud of Golubria
  1450 | D:2      | Gained mutation: Your body sometimes deteriorates upon taking damage. [potion of mutation]
  1450 | D:2      | Gained mutation: You are dopey. (Int -2) [potion of mutation]
  1450 | D:2      | Gained mutation: Armour fits poorly on your strangely shaped body. [potion of mutation]
  1450 | D:2      | Gained mutation: You are resistant to electric shocks. (rElec) [potion of mutation]
  1932 | D:2      | Mangled by a worm

Skill      XL: |  1  2 |
---------------+-------+-----
Axes           | 2 |  2.6
Armour         | 1 |  1.5
Dodging        | 2 |  2.1
Fighting       | |  2.4
Throwing       | |  0.8
Spellcasting   | |  2.1
Translocations | |  2.6

Action                   || total
-------------------------++-------
Melee: Hand axe          ||   150
  Use: Scroll            ||     4
       Potion            ||     1
  Eat: Bread ration      ||     1
Armor: Leather armour    ||    37
       Chain mail        ||    64
Dodge: Dodged            ||   134
